 Dungeon Crawl Stone Soup version bcrawl-1.31.4 (webtiles) character file.

Game seed: 6313558697298823805

127297 Morbidden the Ducker (level 4, 33/33 HPs)
             Began as a Demonspawn Archaeologist on June 19, 2021.
             Quit the game on level 2 of the Dungeon.
             The game lasted 00:01:50 (1596 turns).

Morbidden the Ducker (Demonspawn Archaeologist)     Turns: 1596, Time: 00:01:50

Health: 33/33      AC:  6    Str: 13    XL:     4   Next: 0%
Magic:  4/4        EV: 13    Int: 15    God:
Gold:   94         SH:  0    Dex: 11    Spells: 3/3 levels left

rFire    + . .     SeeInvis .     - Claws (7.1)
rCold    . . .     Gourm    .   (no shield)
rNeg     . . .     Faith    .   c - +1 robe
rPois    .         Spirit   .   d - +1 hat
rElec    .         Reflect  .   (no cloak)
rCorr    .         Harm     .   (no gloves)
MR       .....                  m - +1 pair of boots
Stlth    ++........             (no amulet)
HPRegen  0.11/turn              s - ring of protection from fire
MPRegen  0.09/turn              (no ring)

@: no status effects
A: antennae 1, claws 1
a: no special abilities


You were on level 2 of the Dungeon.
You were not hungry.

You visited 1 branch of the dungeon, and saw 2 of its levels.

You collected 94 gold pieces.

Inventory:

Hand Weapons
 b - a +0 blowgun
Missiles
 f - 6 curare-tipped needles
 k - 35 poisoned needles
Armour
 c - a +1 robe (worn)
 d - a +1 hat (worn)
 m - a +1 pair of boots (worn)
Jewellery
 s - a ring of protection from fire (left claw)
Wands
 v - a wand of paralysis (8)
Scrolls
 a - a scroll of blinking {unknown}
 g - 3 scrolls of magic mapping
 i - 4 scrolls of identify
 j - a scroll of fog {unknown}
 n - a scroll of enchant armour {unknown}
 o - 2 scrolls of amnesia {unknown}
 p - 2 scrolls of remove curse {unknown}
 q - 2 scrolls of fear {unknown}
 u - a scroll of teleportation {unknown}
Potions
 l - 2 potions of curing {unknown}
 t - 2 potions of berserk rage {unknown}
Miscellaneous
 h - a dusty tome
Comestibles
 e - 3 rations {!d}
 r - 10 chunks of flesh


   Skills:
 * Level 1.8 Fighting
   Level 0.8 Maces & Flails
 * Level 3.4 Dodging
 + Level 3.3 Stealth
 * Level 1.3 Unarmed Combat


You had 3 spell levels left.
You didn't know any spells.
Your spell library was empty.

Dungeon Overview and Level Annotations

Branches:
Dungeon (2/12)

Altars:
Wu Jian


Innate Abilities, Weirdness & Mutations

You have a pair of small antennae on your head.
You have sharp fingernails.


Message History

You scratch the rat.
You kill the rat!
A goblin comes into view.
The goblin shouts!
You see here a rat corpse.
You scratch the goblin.
The goblin is moderately wounded.
The goblin misses you.
A goblin is nearby!
You closely miss the goblin.
The goblin is moderately wounded.
The goblin hits you but does no damage.
A goblin is nearby!
You scratch the goblin.
You kill the goblin!
You have reached level 4!
You feel stronger.
Your demonic ancestry asserts itself...
A pair of antennae grows on your head!
No path to travel!
Are you sure you want to abandon this character and quit the game? (Confirm with "yes".)

..####.#... #.........#
#.. .......#..###..# .
...............### ..
...# #...........# ...
#[.###.....##..#.# ....
.........^.....#.# .....
#.)###.#...##....#....##
......?.>......†@.......
...###.#[......###..#(..
...#....).)............
...###...).....#........
...# #.#..%##...........
...# #.........#.#.####.
...# #.#...##..#.#.#
...# #.#...##..# # #
...# # .........


There were no monsters in sight!

Vanquished Creatures
  A gnoll (D:2)
  2 oozes
  2 worms (D:1)
  2 dart slugs
  A leopard gecko (D:1)
  A giant cockroach (D:1)
  2 goblins
  10 hobgoblins
  A ball python (D:1)
  4 bats
  A frilled lizard (D:1)
  6 kobolds
  8 rats
41 creatures vanquished.

Notes
Turn   | Place    | Note
-------+----------+-------------------------------------------
     0 | D:1      | Morbidden the Demonspawn Archaeologist began the quest for
                  | the Orb.
     0 | D:1      | Reached XP level 1. HP: 15/15 MP: 1/1
   358 | D:1      | Gained mutation: You have sharp fingernails. [demonic
                  | ancestry]
   358 | D:1      | Reached XP level 2. HP: 21/21 MP: 2/2
   749 | D:1      | Reached XP level 3. HP: 17/26 MP: 3/3
  1352 | D:2      | Found an ornate altar of the Wu Jian Council.
  1458 | D:2      | Reached skill level 1 in Unarmed Combat
  1596 | D:2      | Gained mutation: You have a pair of small antennae on your
                  | head. [demonic ancestry]
  1596 | D:2      | Reached XP level 4. HP: 33/33 MP: 4/4
  1596 | D:2      | Quit the game

Skill      XL: |  1  2  3 |
---------------+----------+-----
Dodging        | 3 |  3.4
Unarmed Combat | 1 |  1.3
Fighting       | |  1.8
Maces & Flails | |  0.8
Stealth        | |  3.3

Action                   |  1- 3 |  4- 6 || total
-------------------------+-------+-------++-------
Melee: Whip              |    41 |       ||    41
       Unarmed           |   134 |       ||   134
       Punch             |     1 |       ||     1
 Fire: Blowgun           |    14 |       ||    14
  Use: Scroll            |     1 |       ||     1
 Stab: Sleeping          |     4 |       ||     4
  Eat: Chunk             |     7 |       ||     7
Armor: Robe              |    51 |       ||    51
Dodge: Dodged            |    98 |       ||    98
